 Dungeon Crawl Stone Soup version 0.31-a0-177-g4aa6249778 (webtiles) character file.

Game seed: 16378093821492402622

75 qw the Shooter (level 4, -1/40 HPs)
             Began as a Naga Hunter on June 18, 2023.
             Slain by a gnoll
             ... wielding a +0 spear
              (5 damage)
             ... on level 3 of the Dungeon.
             The game lasted 00:00:38 (1949 turns).

qw the Shooter (Naga Hunter)                        Turns: 1949, Time: 00:00:39

Health: -1/40      AC:  3    Str: 13    XL:     4   Next: 31%
Magic:  4/4        EV: 10    Int:  9    God:
Gold:   152        SH:  0    Dex: 17    Spells: 3/3 levels left

rFire   + . .        Y - +0 shortbow
rCold   + . .        (shield currently unavailable)
rNeg    . . .        b - +1 robe {rF+}
rPois   +            (no helmet)
rElec   .            (no cloak)
rCorr   .            (no gloves)
SInv    +            (no barding)
Will    .....        (no amulet)
Stlth   ++           g - ring of protection from cold
HPRegen 0.26/turn    (no ring)
MPRegen 0.09/turn

%: no passive effects
@: short of breath, very slow
A: AC +1, large, see invisible, deformed body, poison resistance, slowness 2,
spit poison 1, naga tail 1
a: Spit Poison


You were on level 3 of the Dungeon.
You visited 1 branch of the dungeon, and saw 3 of its levels.

You collected 152 gold pieces.


Innate Abilities, Weirdness & Mutations

Your serpentine skin is tough. (AC +1)
You have supernaturally acute eyesight. (SInv)
Armour fits poorly on your strangely shaped body.
Your system is resistant to poisons. (rPois)
You cover ground very slowly.
You can spit poison.
You have a snake-like lower body.


   Skills:
 + Level 2.5 Fighting
 - Level 5.0 Ranged Weapons
 - Level 1.5 Dodging
 - Level 1.5 Stealth


You had 3 spell levels left.
You didn't know any spells.
Your spell library was empty.

Inventory:

Hand Weapons
 Y - a +0 shortbow (weapon)
Armour
 b - a +1 robe of fire resistance (worn)
 i - a +2 pair of gloves
Jewellery
 g - a ring of protection from cold (left hand)
Wands
 j - a wand of digging (2)
Scrolls
 c - a scroll of enchant weapon {unknown}
 e - a scroll of identify
 k - a scroll of torment {unknown}
Potions
 a - a potion of attraction {unknown}
 d - a potion of might {unknown}
 f - a potion of degeneration {unknown}
 h - a potion of resistance {unknown}
 l - 2 potions of haste {unknown}

Dungeon Overview and Level Annotations

Branches:
Dungeon (3/15)

Altars:
Ashenzari
Yredelemnul


Message History

You hear a shout!
A gnoll comes into view. It is wielding a +0 halberd.
1940 ||| Stepping ~*~*~tactically~*~*~ (outnumbered).
1942 ||| INVOKING Spit Poison.
Aiming: Spit Poison (1% risk of failure)
Press: ? - help, Shift-Dir - straight line, f/p - gnoll The splash of poison misses the gnoll.
1943 ||| Stepping ~*~*~tactically~*~*~ (outnumbered). 2 gnolls come into view.
A gnoll is wielding a +0 spear of freezing.
You have got your breath back.
The gnoll hits you with a +0 spear of freezing.
The gnoll freezes you.
The gnoll hits you with a +0 spear of freezing.
1945 ||| INVOKING Spit Poison.
Aiming: Spit Poison (1% risk of failure)
Press: ? - help, Shift-Dir - straight line, f/p - gnoll The splash of poison hits the gnoll.
The gnoll is poisoned.
The gnoll is lightly wounded.
The gnoll shouts!
The gnoll hits you with a +0 spear of freezing.
You shoot an arrow. The arrow hits the gnoll.
The gnoll is moderately wounded.
The gnoll barely misses you.
You shoot an arrow. The arrow hits the gnoll.
The gnoll is heavily wounded.
The gnoll closely misses you.
The gnoll hits you from afar with a +0 halberd!
You shoot an arrow. The arrow barely misses the gnoll.
The arrow hits the gnoll.
The gnoll is heavily wounded.
The gnoll hits you with a +0 spear of freezing.
The gnoll closely misses you.
The gnoll hits you from afar with a +0 spear.
You shoot an arrow. The arrow hits the gnoll.
The gnoll is almost dead.
The gnoll hits you from afar with a +0 halberd.
The gnoll hits you from afar with a +0 spear.
The gnoll barely misses you.
The gnoll hits you from afar with a +0 spear.
You die...

.#.#.#.#.##
.........#
##.##'##.#####
#..#...#.....#
#.'...'.#...#
#..#...#.....#
##.##'##.#...#
#...........)#
##.#.#@#.#...#
#. ##g#..#####
#


.gg .## ..##. .# #. .. .# # .. .# ... .# ... .# You could see 3 gnolls.

Vanquished Creatures
  2 adders (D:2)
  3 worms
  3 dart slugs
  5 endoplasms
  A giant cockroach (D:1)
  6 goblins
  3 hobgoblins
  3 jackals (D:1)
  A quokka (D:1)
  2 ball pythons (D:1)
  3 bats
  5 frilled lizards
  4 kobolds (D:1)
  A rat (D:1)
42 creatures vanquished.

Notes
Turn   | Place    | Note
-------+----------+-------------------------------------------
     0 | D:1      | qw the Naga Hunter began the quest for the Orb.
     0 | D:1      | Reached XP level 1. HP: 19/19 MP: 1/1
     0 | D:1      | 0 ||| qw: Version: 0.3-a-5-g6f28e65
     0 | D:1      | 0 ||| qw: Game counter: 628
     0 | D:1      | 0 ||| qw: Always use a shield: true
     0 | D:1      | 0 ||| qw: God list: Okawaru
     0 | D:1      | 0 ||| qw: Allow faded altars: false
     0 | D:1      | 0 ||| qw: Do Orc after D:15 true
     0 | D:1      | 0 ||| qw: Do second Lair branch before Depths: true
     0 | D:1      | 0 ||| qw: Lair rune preference: random
     0 | D:1      | 0 ||| qw: Plans: Normal
     0 | D:1      | 0 ||| PLANNING D:1-11
    70 | D:1      | 70 ||| INVOKING Spit Poison.
    88 | D:1      | 88 ||| INVOKING Spit Poison.
   154 | D:1      | 154 ||| INVOKING Spit Poison.
   202 | D:1      | 202 ||| INVOKING Spit Poison.
   204 | D:1      | Reached skill level 4 in Ranged Weapons
   204 | D:1      | Reached XP level 2. HP: 26/26 MP: 2/2
   214 | D:1      | 214 ||| INVOKING Spit Poison.
   226 | D:1      | 226 ||| INVOKING Spit Poison.
   273 | D:1      | 273 ||| INVOKING Spit Poison.
   422 | D:1      | 422 ||| INVOKING Spit Poison.
   455 | D:1      | 455 ||| INVOKING Spit Poison.
   478 | D:1      | 478 ||| INVOKING Spit Poison.
   481 | D:1      | 481 ||| INVOKING Spit Poison.
   489 | D:1      | 489 ||| UPGRADING to ring of protection from cold.
   497 | D:1      | 497 ||| INVOKING Spit Poison.
   515 | D:1      | 515 ||| INVOKING Spit Poison.
   518 | D:1      | Reached XP level 3. HP: 32/32 MP: 3/3
   853 | D:1      | 853 ||| READING 2 scrolls labelled PITEGI SAJORCH.
   854 | D:1      | 854 ||| READING 2 scrolls labelled XOETYMIUZO.
   855 | D:1      | 855 ||| READING scroll labelled DOTARU XISUO.
   856 | D:1      | 856 ||| DROPPING scroll of amnesia.
   857 | D:1      | 857 ||| DROPPING scroll of butterflies.
   931 | D:2      | 931 ||| INVOKING Spit Poison.
   982 | D:2      | 982 ||| INVOKING Spit Poison.
  1008 | D:2      | 1008 ||| INVOKING Spit Poison.
  1065 | D:2      | 1065 ||| INVOKING Spit Poison.
  1070 | D:2      | 1070 ||| INVOKING Spit Poison.
  1073 | D:2      | HP: 6/32 [adder (3)]
  1075 | D:2      | 1075 ||| INVOKING Spit Poison.
  1193 | D:2      | 1193 ||| INVOKING Spit Poison.
  1323 | D:2      | Reached skill level 5 in Ranged Weapons
  1345 | D:2      | Reached XP level 4. HP: 35/39 MP: 4/4
  1455 | D:2      | 1455 ||| INVOKING Spit Poison.
  1457 | D:2      | Found a basalt altar of Yredelemnul.
  1547 | D:2      | 1547 ||| INVOKING Spit Poison.
  1633 | D:2      | 1633 ||| UPGRADING to +1 robe of fire resistance.
  1643 | D:2      | 1643 ||| DROPPING +0 leather armour.
  1644 | D:2      | 1644 ||| READING scroll labelled XUEKITT JILAB.
  1681 | D:3      | 1681 ||| INVOKING Spit Poison.
  1686 | D:3      | 1686 ||| INVOKING Spit Poison.
  1689 | D:3      | 1689 ||| INVOKING Spit Poison.
  1714 | D:3      | 1714 ||| INVOKING Spit Poison.
  1863 | D:3      | 1863 ||| INVOKING Spit Poison.
  1870 | D:3      | 1870 ||| INVOKING Spit Poison.
  1873 | D:3      | 1873 ||| INVOKING Spit Poison.
  1903 | D:3      | Found a broken altar of Ashenzari.
  1940 | D:3      | 1940 ||| Stepping ~*~*~tactically~*~*~ (outnumbered).
  1942 | D:3      | 1942 ||| INVOKING Spit Poison.
  1943 | D:3      | 1943 ||| Stepping ~*~*~tactically~*~*~ (outnumbered).
  1945 | D:3      | 1945 ||| INVOKING Spit Poison.
  1949 | D:3      | HP: 7/40 [gnoll/+0 halberd (6)]
  1949 | D:3      | Slain by a gnoll

Levels and vault maps discovered:
D:1:      sevenhm_arrival_forest_fort_large_2, layout_basic,
          serial_bayou_pond_c, st_stairs_12
D:2:      layout_basic, basic_altar
D:3:      layout_basic, mainiacjoe_overflow_brackets, minmay_misc_feat_doors,
          nicolae_figureground_sparkle

Skill      XL: |  1  2  3 |
---------------+----------+-----
Ranged Weapons | 4 5 |  5.0
Fighting       | |  2.5
Dodging        | |  1.5
Stealth        | |  1.5

Action                     |  1- 3 |  4- 6 || total
---------------------------+-------+-------++-------
   Fire: Shortbow          |    56 |    25 ||    81
Ability: Spit Poison       |    20 |    11 ||    31
    Use: Scroll            |     3 |     1 ||     4
 Armour: Leather armour    |     6 |       ||     6
         Robe              |       |     1 ||     1
  Dodge: Dodged            |     9 |     7 ||    16

Table legend:
 A = Non-vault XP
 B = Vault XP
 C = Vault XP percentage of total XP
 D = Non-vault monster count
 E = Vault monster count
 F = Vault count percentage of total count
                 A         B        C        D         E       F
            +---------+---------+-------+---------+---------+-------
      Total |     102 |       6 |   5.6 |      40 |       2 |   4.8
            +---------+---------+-------+---------+---------+-------
        D:1 |      31 |       6 |  16.2 |      20 |       2 |   9.1
        D:2 |      59 |       0 |   0.0 |      14 |       0 |   0.0
        D:3 |      12 |       0 |   0.0 |       6 |       0 |   0.0
            +---------+---------+-------+---------+---------+-------
